Map: Ruins of Endion

Players

Miszu - Winner!

  • Race: Terran Terran
  • League: Grandmaster

NeverLucky

  • Race: Zerg Zerg
  • League: Grandmaster

VOD

Have the link to the VOD?

Description

Time

  • Played on: June 11, 2016, 12:12 p.m.
  • Length: 10:48
Show
View Real Time Build Order
Export as new Build Order

Miszu Terran - Winner!

Build Orders: Reaper Expand, MMM Bio 

Get SALT Encoding   

  12  0:00  SCV  
  13  0:13  SCV  
  14  0:18  Supply Depot  
  14  0:25  SCV  
  15  0:40  SCV  
  15  0:41  Barracks  
  16  0:44  Refinery  
  16  0:52  SCV  
  17  1:04  SCV  
  18  1:17  SCV  
  19  1:29  Orbital Command  
  19  1:30  Reaper  
  20  1:41  Command Center  
  20  1:50  Supply Depot  
  20  1:55  SCV  
  21  2:07  Barracks Reactor  
  21  2:08  SCV  
  22  2:10  Barracks  
  22  2:20  SCV  
  22  2:21  Factory  
  23  2:32  SCV  
  24  2:44  SCV  
  24  2:45  Command Center  
  24  2:46  Marine x2  
  27  2:53  Orbital Command  
  27  2:56  SCV  
  28  3:08  SCV  
  28  3:10  Barracks Tech Lab  
  29  3:13  Hellion x2  
  29  3:18  Barracks  
  33  3:21  SCV  
  33  3:22  SCV  
  35  3:29  Marine, Stimpack  
  35  3:33  SCV  
  36  3:35  Refinery  
  36  3:43  Factory Reactor  
  36  3:44  SCV  
  36  3:45  Barracks  
  36  3:46  Marine  
  38  3:57  SCV  
  38  3:58  SCV  
  38  4:00  Orbital Command  
  40  4:09  SCV  
  41  4:10  SCV  
  41  4:12  Engineering Bay  
  41  4:13  Engineering Bay  
  42  4:17  Refinery  
  42  4:18  Refinery  
  42  4:21  SCV  
  42  4:22  Marine, SCV  
  45  4:25  Marine  
  45  4:28  SCV  
  45  4:31  Factory Reactor  
  47  4:33  SCV  
  47  4:34  Supply Depot  
  48  4:39  Marine  
  48  4:41  SCV x2  
  51  4:45  Starport  
  51  4:46  SCV  
  51  4:50  Terran Infantry Weapons Level 1, Terran Infantry Armor Level 1  
  52  4:53  SCV  
  52  4:58  SCV  
  52  4:59  Supply Depot  
  54  5:03  Marine x5  
  54  5:05  SCV  
  60  5:12  Barracks  
  60  5:13  Factory Reactor  
  60  5:15  Barracks  
  60  5:16  Orbital Command  
  60  5:18  SCV x2  
  60  5:21  Marine  
  63  5:23  Supply Depot  
  63  5:26  Marine x2  
  63  5:27  Marine  
  66  5:31  Combat Shields  
  66  5:34  Medivac x2  
  70  5:36  SCV  
  70  5:37  SCV  
  72  5:44  SCV  
  72  5:47  Supply Depot  
  72  5:48  SCV  
  72  5:49  SCV  
  75  5:51  Supply Depot  
  75  5:57  Marine x5  
  75  5:59  SCV  
  75  6:02  Barracks Reactor  
  75  6:03  Barracks Reactor  
  81  6:05  Armory  
  81  6:06  SCV  
  82  6:13  Supply Depot  
  82  6:14  Marine, SCV  
  82  6:15  SCV  
  82  6:16  Supply Depot  
  82  6:18  SCV  
  86  6:23  Marine x4  
  86  6:25  Medivac x2  
  94  6:27  SCV x2  
  94  6:30  SCV  
  94  6:32  Marine  
  98  6:41  Marine  
  98  6:42  Marauder  
  87  6:56  Marine x7  
  87  6:57  Viking, Medivac  
  87  6:58  Marine  
  98  7:03  Marine  
  99  7:10  Barracks x2  
  99  7:12  Terran Infantry Armor Level 2, Barracks, Terran Infantry Weapons Level 2  
  99  7:13  Marine  
  99  7:14  Marine x2  
  102  7:18  Marine  
  102  7:19  Marine x2  
  102  7:21  Marauder  
  107  7:23  SCV x3  
  107  7:27  Medivac  
  107  7:28  Supply Depot  
  107  7:29  Supply Depot  
  112  7:30  Medivac  
  112  7:35  SCV  
  115  7:43  Marauder  
  117  7:49  Marine x2  
  117  7:50  Marine x6  
  115  8:03  Barracks Tech Lab x2  
  115  8:04  Marine, Barracks Tech Lab  
  116  8:06  Marine  
  116  8:07  Supply Depot, Marine x2  
  116  8:08  Supply Depot, Marine x5  
  116  8:09  Medivac x2  
  116  8:11  Refinery  
  128  8:22  Marauder  
  128  8:23  Marauder, Concussive Shells  
  128  8:24  Marine  
  133  8:29  Marine x6, Marauder  
  133  8:30  Marine, Marauder  
  133  8:32  Supply Depot  
  133  8:33  Supply Depot  
  144  8:44  Marine  
  149  8:51  Liberator  
  149  8:53  Marine x2  
  149  8:54  Marine x5, Marauder x3  
  149  8:55  Marauder  
  164  9:06  Starport, Liberator  
  164  9:09  Command Center  
  163  9:15  Marauder  
  165  9:23  SCV  
  164  9:24  Marauder x3  
  136  9:36  Marine x4, Marauder  
  126  9:40  Marine  
  126  9:41  Marine x3  
  126  9:43  Starport Reactor  
  126  9:45  Marine x2  
  123  9:46  Marauder  
  123  9:51  Medivac  
  129  9:54  Marine x4  
  129  9:57  Marine  
  129  9:58  Marine x4  
  136  10:03  Marine  
  136  10:04  Marauder  
  139  10:07  Marauder  
  139  10:12  Marine x4  
  145  10:16  Marine x4, Marauder  
  145  10:21  Marine  
  154  10:24  Marine  
  158  10:30  SCV  
Show
View Real Time Build Order
Export as new Build Order

NeverLucky Zerg 

Build Orders: Hatch First 

Get SALT Encoding   

  12  0:02  Drone  
  13  0:13  Overlord  
  13  0:18  Drone  
  14  0:31  Drone x2  
  14  0:35  Drone  
  17  0:51  Hatchery  
  17  0:55  Drone  
  17  0:58  Drone  
  17  1:00  Extractor  
  17  1:13  Spawning Pool  
  17  1:16  Drone  
  17  1:20  Drone  
  18  1:29  Drone  
  19  1:40  Drone  
  20  1:50  Overlord  
  20  2:00  Metabolic Boost, Queen  
  22  2:03  Queen  
  22  2:05  Zergling x2  
  25  2:08  Zergling x2  
  25  2:12  Zergling x2  
  28  2:15  Drone  
  28  2:22  Drone  
  29  2:34  Drone x2  
  29  2:36  Overlord  
  30  2:39  Queen  
  32  2:46  Queen  
  32  2:49  Drone  
  35  2:51  Drone  
  35  2:55  Drone  
  37  2:59  Drone  
  38  3:05  Drone  
  38  3:08  Drone  
  38  3:12  Drone x2  
  42  3:15  Drone x2  
  42  3:16  Overlord  
  44  3:31  Overlord  
  44  3:34  Hatchery  
  44  3:37  Drone x4  
  47  3:42  Queen  
  46  3:56  Zergling x4  
  46  3:57  Zergling x10  
  46  3:59  Extractor  
  46  4:01  Baneling Nest  
  51  4:13  Drone, Evolution Chamber  
  51  4:14  Drone  
  51  4:15  Evolution Chamber  
  51  4:18  Drone  
  51  4:22  Overlord x2  
  52  4:37  Drone  
  52  4:38  Overlord  
  51  4:49  Drone x3  
  51  4:50  Queen, Drone x7  
  63  4:55  Zerg Melee Weapons Level 1, Zerg Ground Armor Level 1  
  63  5:00  Zergling x6  
  66  5:08  Drone  
  66  5:10  Extractor, Drone x3  
  69  5:17  Drone x2  
  69  5:20  Drone  
  72  5:23  Lair  
  72  5:28  Drone  
  72  5:29  Drone  
  72  5:35  Drone x3  
  77  5:44  Drone  
  77  5:45  Drone x3  
  77  5:46  Overlord, Hatchery  
  77  5:48  Overlord, Extractor, Drone  
  80  6:03  Extractor  
  78  6:05  Extractor  
  78  6:10  Zergling x26  
  90  6:11  Hatchery  
  89  6:19  Baneling x4  
  89  6:21  Centrifical Hooks  
  89  6:23  Drone x3  
  92  6:26  Baneling x3  
  92  6:31  Drone x3  
  95  6:35  Infestation Pit, Spore Crawler  
  95  6:39  Overlord x4  
  87  6:54  Zergling x18  
  83  7:06  Zerg Ground Armor Level 2  
  83  7:08  Zerg Melee Weapons Level 2  
  83  7:14  Drone x3  
  83  7:15  Zergling x12  
  92  7:16  Overseer  
  92  7:19  Baneling x7  
  92  7:20  Baneling  
  92  7:26  Pathogen Glands  
  92  7:27  Hive  
  92  7:29  Zergling x8  
  97  7:30  Zergling x2  
  97  7:37  Zergling x2  
  97  7:38  Zergling x10  
  101  7:48  Zergling x12  
  101  7:49  Zergling x8  
  97  7:54  Baneling x4  
  97  7:56  Zergling x6  
  97  7:57  Zergling x4  
  102  7:59  Zergling x2  
  103  8:06  Infestor x3  
  109  8:13  Zergling x12  
  109  8:15  Baneling x6  
  109  8:16  Baneling  
  115  8:21  Queen  
  117  8:27  Overlord x2  
  117  8:37  Baneling x12  
  117  8:38  Baneling x5  
  116  8:45  Queen  
  118  8:49  Adrenal Glands  
  118  8:50  Zergling x2  
  118  8:51  Zergling x14  
  118  8:55  Baneling x4  
  126  9:08  Zergling x2  
  126  9:09  Zergling x14, Ultralisk Cavern  
  133  9:11  Overlord  
  104  9:36  Zergling x14  
  104  9:37  Zergling x16  
  91  9:53  Zergling x8  
  91  9:54  Zergling x10  
  99  10:02  Ultralisk  
  99  10:04  Ultralisk  
  108  10:33  Drone x3  
Tags
 
Add a new tag
Caveats
  • Supply blocks, unpowered buildings, or Contaminate may cause inaccurate times.
  • Supply counts are checked every 10 seconds.